Map: Ultralove

Players

Reynor - Winner!

  • Race: Zerg Zerg
  • Spawn Location: 7:00

Maru

  • Race: Terran Terran
  • Spawn Location: 1:00

Event: Esports World Cup 2025

VOD

Have the link to the VOD?

Description

Time

  • Played on: July 23, 2025, 9:43 a.m.
  • Length: 29:53

All games in this series

Show
View Real Time Build Order
Export as new Build Order

Reynor Zerg - Winner!

Build Orders: Pool First 

Get SALT Encoding   

  12  0:00  Drone  
  13  0:07  Drone  
  14  0:16  Overlord  
  14  0:23  Drone, Extractor  
  15  0:35  Drone x2  
  17  0:44  Spawning Pool  
  17  0:47  Drone  
  17  0:54  Drone, Extractor  
  17  1:05  Drone  
  18  1:14  Hatchery  
  18  1:17  Drone  
  18  1:30  Queen  
  20  1:33  Drone  
  21  1:44  Roach Warren  
  21  1:47  Drone  
  21  1:54  Overlord  
  21  2:12  Queen  
  23  2:17  Drone  
  23  2:18  Drone  
  25  2:24  Roach  
  25  2:26  Roach  
  29  2:31  Roach  
  29  2:36  Overlord  
  31  2:38  Drone  
  31  2:40  Drone  
  31  2:43  Drone  
  34  2:48  Drone  
  34  2:50  Ravager  
  36  2:56  Overlord  
  36  2:58  Drone  
  37  3:01  Drone  
  37  3:05  Drone  
  39  3:09  Overlord  
  39  3:16  Drone  
  40  3:21  Drone x4  
  44  3:30  Hatchery  
  44  3:33  Drone  
  44  3:35  Drone  
  44  3:39  Drone  
  44  3:41  Drone  
  46  3:44  Drone x2  
  48  3:52  Drone x2  
  48  3:54  Queen  
  52  3:59  Overlord  
  52  4:03  Lair  
  52  4:05  Drone, Extractor  
  52  4:10  Drone, Evolution Chamber  
  52  4:11  Drone  
  52  4:12  Drone  
  52  4:15  Drone  
  55  4:18  Drone  
  55  4:21  Overlord  
  56  4:28  Drone x3  
  56  4:29  Drone  
  60  4:32  Overlord  
  60  4:40  Drone x3  
  60  4:42  Drone  
  60  4:44  Queen  
  66  4:47  Roach  
  66  4:49  Roach  
  70  4:53  Roach x2  
  70  4:56  Overlord  
  70  4:59  Drone, Extractor  
  74  5:00  Drone  
  74  5:01  Extractor  
  74  5:02  Drone  
  74  5:04  Drone x2  
  74  5:06  Spore Crawler  
  76  5:09  Spore Crawler  
  76  5:10  Drone  
  76  5:11  Drone  
  76  5:12  Drone  
  78  5:14  Overseer  
  78  5:16  Drone x2  
  78  5:20  Glial Reconstitution  
  80  5:22  Overlord  
  80  5:25  Roach  
  80  5:26  Zerg Missile Weapons Level 1  
  80  5:28  Overlord  
  82  5:29  Roach x2  
  82  5:34  Overlord  
  86  5:37  Burrow, Overlord  
  86  5:42  Roach x2  
  90  5:43  Overlord  
  90  5:48  Roach x3  
  90  5:49  Overlord  
  94  5:53  Roach x2  
  96  5:57  Zergling x2, Roach x2  
  96  6:00  Drone  
  96  6:03  Drone x2  
  100  6:04  Roach  
  100  6:05  Roach  
  100  6:08  Roach x2  
  100  6:10  Roach  
  108  6:12  Overlord  
  108  6:13  Roach  
  108  6:15  Roach  
  108  6:18  Roach x2  
  106  6:21  Roach  
  106  6:25  Roach  
  106  6:26  Roach  
  106  6:28  Roach x2  
  106  6:31  Roach  
  110  6:34  Extractor, Roach  
  110  6:37  Roach  
  110  6:39  Roach  
  109  6:40  Roach x8  
  109  6:42  Zergling x2, Roach  
  109  6:46  Roach x2  
  112  6:48  Drone x2  
  112  6:50  Overlord  
  112  6:54  Roach x2  
  118  7:01  Roach x2  
  120  7:06  Roach x4  
  118  7:12  Drone  
  118  7:14  Drone x4  
  118  7:15  Drone, Metabolic Boost  
  124  7:23  Queen  
  124  7:24  Hatchery  
  124  7:25  Overlord  
  124  7:26  Drone x2, Extractor, Roach x2  
  124  7:29  Zerg Missile Weapons Level 2  
  126  7:33  Infestation Pit  
  126  7:35  Overlord  
  126  7:36  Drone x2  
  127  7:44  Roach x3  
  132  7:47  Overlord  
  132  7:48  Roach x3  
  138  7:53  Evolution Chamber  
  137  7:58  Roach x3  
  137  8:00  Overlord  
  137  8:09  Zergling x12  
  137  8:10  Overlord, Ravager x2  
  145  8:13  Roach x3  
  145  8:17  Drone x5  
  145  8:18  Drone  
  143  8:21  Zerg Melee Weapons Level 1, Infestor  
  143  8:23  Infestor  
  143  8:25  Drone  
  148  8:31  Zergling x6, Hive  
  151  8:37  Zergling x6  
  151  8:40  Drone  
  155  8:42  Baneling Nest, Drone x4  
  155  8:43  Drone x3  
  155  8:47  Overlord  
  161  8:49  Zergling x2  
  161  8:53  Ravager x2  
  163  8:56  Zergling x4  
  163  9:01  Zergling x4  
  167  9:04  Overlord, Hatchery  
  167  9:09  Roach x2  
  170  9:12  Zergling x6  
  170  9:13  Zergling x6  
  176  9:17  Overlord  
  176  9:19  Zergling x4  
  176  9:21  Neural Parasite  
  176  9:23  Drone x3  
  181  9:24  Overlord  
  181  9:25  Extractor  
  181  9:30  Infestor x3, Ravager x2  
  188  9:34  Overlord  
  188  9:35  Drone x3  
  191  9:39  Infestor x4  
  191  9:43  Centrifugal Hooks  
  191  9:45  Zergling x16  
  196  9:48  Zergling x2  
  196  9:50  Viper  
  197  9:54  Extractor  
  197  9:56  Drone x2  
  197  9:57  Drone x2  
  197  9:58  Zerg Ground Armor Level 1  
  200  10:08  Adrenal Glands  
  199  10:21  Viper  
  195  10:25  Infestor x3  
  198  10:31  Zerg Melee Weapons Level 2  
  196  10:37  Infestor  
  196  10:40  Infestor x2  
  198  10:49  Hatchery  
  189  10:58  Zergling x32  
  189  10:59  Zergling x2  
  189  11:00  Zergling x18  
  188  11:06  Zergling x4, Roach x7  
  188  11:09  Ravager x2  
  197  11:12  Queen  
  193  11:19  Zergling x18  
  193  11:23  Roach x3  
  172  11:26  Roach  
  172  11:31  Roach x3  
  172  11:32  Zergling x2, Roach x2  
  169  11:37  Zergling x2, Roach x2  
  169  11:38  Zergling x2  
  169  11:39  Zergling x2  
  165  11:41  Queen  
  165  11:42  Roach x2  
  165  11:44  Zergling x4  
  165  11:46  Roach x2  
  158  11:51  Roach  
  147  11:56  Roach x3  
  147  11:59  Ravager x9  
  147  12:00  Zergling x2, Roach x3  
  165  12:02  Zergling x2, Roach x3  
  165  12:03  Infestor x3  
  165  12:04  Infestor x2  
  165  12:07  Zergling x8  
  176  12:09  Queen  
  176  12:11  Zergling x4  
  176  12:12  Zergling x2  
  178  12:16  Zergling x4  
  178  12:18  Roach  
  178  12:20  Zergling x4  
  180  12:24  Infestor  
  180  12:27  Zergling x8  
  180  12:28  Zergling x2, Zerg Missile Weapons Level 3  
  180  12:29  Zergling x6  
  190  12:30  Drone x2  
  190  12:31  Drone  
  190  12:33  Drone x2, Zergling x4  
  190  12:34  Spine Crawler  
  178  12:48  Zergling x16  
  178  12:50  Roach  
  159  12:53  Roach  
  159  12:54  Roach  
  159  12:57  Baneling x8  
  153  12:59  Roach x3  
  153  13:01  Roach x2  
  153  13:02  Zergling x2, Roach x2  
  153  13:05  Zergling x4, Roach x3  
  172  13:07  Roach  
  172  13:10  Zergling x4  
  172  13:23  Infestor x3  
  172  13:24  Hatchery, Infestor  
  172  13:26  Zergling x2  
  179  13:27  Zergling x2  
  179  13:28  Hatchery  
  179  13:30  Zergling x8  
  179  13:32  Overlord x3  
  179  13:33  Overlord  
  170  13:38  Zergling x8  
  168  13:41  Zerg Melee Weapons Level 3  
  168  13:44  Zergling x2, Roach x2  
  168  13:45  Infestor x9  
  168  13:47  Ravager x2  
  175  13:52  Zergling x2  
  173  13:56  Zergling x4, Roach x2  
  173  14:00  Zergling x2, Roach x2  
  183  14:02  Pneumatized Carapace  
  183  14:04  Roach x2  
  183  14:07  Zergling x2  
  182  14:10  Roach x2  
  182  14:12  Zergling x10  
  182  14:16  Hatchery  
  188  14:21  Spine Crawler  
  188  14:23  Spine Crawler  
  181  14:25  Hatchery  
  181  14:28  Zergling x18  
  188  14:31  Zergling x4  
  188  14:36  Zergling x4  
  187  14:38  Roach  
  187  14:39  Zergling x2  
  187  14:42  Zergling x6  
  185  14:49  Zergling x4, Hatchery  
  180  14:52  Zergling x2  
  180  14:53  Zergling x2  
  180  14:54  Zergling x2  
  180  14:55  Zergling x4  
  180  14:58  Zergling x4  
  176  15:02  Zergling x2, Roach x3  
  176  15:06  Zergling x4  
  179  15:07  Zergling x2, Roach x2  
  179  15:09  Roach  
  179  15:13  Roach x2  
  172  15:20  Roach x2  
  163  15:22  Ravager x3  
  163  15:25  Zergling x4, Roach x3  
  173  15:29  Zergling x2  
  173  15:30  Infestor x8  
  173  15:31  Zerg Ground Armor Level 2  
  173  15:33  Hatchery, Roach x3  
  171  15:40  Zergling x4, Roach x3  
  171  15:42  Zergling x2  
  171  15:48  Infestor x2  
  167  15:51  Zergling x4  
  167  15:53  Zergling x4  
  167  15:54  Zergling x2  
  165  15:59  Roach x2  
  165  16:00  Roach  
  159  16:10  Roach x2  
  159  16:11  Roach x3  
  162  16:22  Roach x3  
  162  16:23  Roach x2  
  160  16:29  Roach x3  
  160  16:32  Infestor x3  
  165  16:34  Roach  
  165  16:35  Roach x2  
  160  16:41  Zergling x10  
  160  16:49  Infestor x3  
  162  16:56  Ravager  
  162  16:57  Ravager x2  
  162  16:59  Zergling x2  
  166  17:02  Ravager x3  
  166  17:04  Zergling x4  
  168  17:08  Hatchery  
  168  17:10  Infestor  
  168  17:12  Drone x2  
  168  17:13  Drone x2  
  173  17:17  Zergling x12  
  179  17:23  Zergling x4  
  179  17:24  Zergling x8  
  179  17:29  Infestor  
  185  17:35  Zergling x16  
  185  17:36  Zergling x2  
  196  17:44  Zergling x6  
  196  17:47  Baneling x16  
  198  17:52  Drone, Extractor  
  198  17:53  Drone  
  198  17:55  Extractor x2  
  197  18:04  Infestor x7  
  197  18:07  Overlord  
  197  18:09  Drone x2  
  197  18:10  Drone, Spire  
  199  18:25  Extractor  
  199  18:27  Drone  
  194  18:43  Zergling x10  
  199  18:54  Zergling x36  
  173  18:57  Infestor  
  173  18:58  Infestor  
  173  18:59  Roach x2  
  173  19:00  Zergling x14, Roach x2  
  161  19:05  Roach  
  161  19:06  Roach x2  
  167  19:10  Ravager  
  167  19:12  Roach  
  167  19:13  Roach x3  
  167  19:15  Roach  
  175  19:19  Roach  
  175  19:20  Zergling x2, Roach x4  
  161  19:26  Roach  
  161  19:29  Greater Spire, Zergling x4  
  161  19:30  Zergling x2  
  158  19:35  Zergling x4  
  159  19:45  Infestor x4  
  157  19:47  Drone x6  
  157  19:51  Zergling x18  
  180  20:11  Infestor x3  
  186  20:15  Zergling x2  
  186  20:16  Zergling x22  
  198  20:36  Zergling x4  
  198  20:41  Hatchery  
  191  20:53  Zergling x30  
  189  21:02  Zergling x2  
  189  21:03  Zergling x28  
  186  21:10  Zergling x14  
  188  21:14  Zergling x2  
  189  21:23  Zergling x12  
  195  21:29  Ravager x4  
  195  21:30  Ravager  
  195  21:32  Overseer x2  
  199  21:39  Zerg Ground Armor Level 3  
  197  21:41  Zergling x10  
  195  21:47  Zergling x12  
  195  21:48  Zergling x2  
  167  21:59  Zergling x2  
  167  22:00  Zergling x28  
  171  22:02  Corruptor x5  
  181  22:09  Corruptor x2  
  185  22:25  Drone x3  
  185  22:26  Drone, Extractor  
  185  22:27  Extractor  
  186  22:41  Extractor  
  186  22:42  Extractor, Spore Crawler  
  186  22:43  Spine Crawler  
  182  22:44  Infestor x9  
  182  22:45  Brood Lord x2  
  182  22:46  Brood Lord x2  
  182  22:48  Drone x2  
  192  22:53  Brood Lord  
  192  22:54  Hatchery  
  193  23:02  Brood Lord  
  195  23:11  Zergling x20  
  197  23:15  Brood Lord  
  198  23:25  Overlord  
  198  23:26  Zerg Flyer Weapons Level 1  
  186  23:52  Zergling x26  
  191  24:02  Zergling x18  
  200  24:04  Overseer  
  195  24:14  Overlord  
  193  24:21  Drone x11  
  193  24:22  Drone x8  
  179  24:36  Zergling x16  
  179  24:37  Zergling x10, Hatchery  
  181  24:49  Zergling x14  
  185  24:54  Viper x3  
  185  24:56  Queen  
  185  24:58  Baneling x17  
  195  25:04  Roach x2  
  195  25:05  Zergling x2  
  200  25:16  Infestor x8  
  200  25:27  Hatchery  
  196  25:37  Zergling x6  
  197  26:04  Corruptor  
  199  26:14  Extractor  
  199  26:15  Extractor  
  197  26:23  Baneling x6  
  197  26:27  Zergling x12  
  197  26:29  Infestor, Extractor  
  197  26:30  Corruptor x2  
  198  26:34  Corruptor x2  
  198  26:36  Hatchery  
  197  26:41  Zergling x4  
  186  27:13  Brood Lord  
  186  27:14  Zergling x18  
  186  27:15  Zergling x36  
  176  27:18  Zergling x2  
  176  27:19  Zergling x20  
  153  27:30  Zergling x16  
  153  27:35  Zergling x2  
  153  27:36  Zergling x8  
  161  27:37  Viper  
  161  27:38  Roach  
  161  27:41  Roach  
  156  27:47  Ravager x3  
  156  27:48  Ravager, Roach x2  
  164  27:55  Roach x2  
  168  28:00  Roach  
  168  28:01  Roach  
  151  28:13  Roach x3  
  151  28:16  Overseer  
  151  28:19  Infestor x7, Ravager x5  
  159  28:25  Drone x2  
  159  28:26  Drone  
  162  28:30  Zergling x2  
  160  28:38  Zergling x6  
  149  28:57  Roach x2  
  149  28:58  Zergling x2, Roach x5  
  149  29:02  Roach  
  142  29:09  Roach x2  
  118  29:26  Mutalisk  
  118  29:27  Roach x3  
Show
View Real Time Build Order
Export as new Build Order

Maru Terran 

Build Orders: Mech 

Get SALT Encoding   

  12  0:00  SCV  
  13  0:12  SCV  
  14  0:18  Supply Depot  
  14  0:24  SCV  
  15  0:40  Barracks, SCV  
  15  0:42  Refinery  
  16  0:52  SCV  
  17  0:58  Barracks  
  17  1:04  SCV  
  18  1:16  SCV  
  19  1:27  Reaper  
  19  1:28  Orbital Command  
  19  1:29  Supply Depot  
  20  1:45  Reaper  
  21  1:53  SCV  
  22  2:02  Reaper  
  22  2:06  SCV  
  24  2:09  Command Center  
  24  2:18  Refinery, SCV  
  25  2:30  SCV  
  26  2:40  Factory  
  26  2:42  SCV  
  27  2:46  Marine x2  
  29  2:53  Bunker, Supply Depot  
  29  2:54  SCV  
  30  3:05  Marine, Barracks Tech Lab  
  31  3:14  SCV  
  32  3:21  Orbital Command  
  32  3:26  SCV  
  33  3:33  Cyclone  
  36  3:38  SCV  
  37  3:48  SCV  
  36  3:50  Command Center, Barracks Reactor  
  36  3:51  SCV  
  37  3:59  Mag-Field Accelerator  
  37  4:00  SCV  
  38  4:02  Barracks Tech Lab  
  38  4:03  SCV  
  38  4:05  Cyclone  
  42  4:12  SCV  
  42  4:13  Factory  
  42  4:15  SCV  
  44  4:23  Refinery  
  44  4:24  SCV  
  44  4:27  SCV  
  46  4:36  SCV  
  46  4:37  Supply Depot, Factory  
  47  4:39  SCV  
  48  4:46  Refinery  
  48  4:48  SCV  
  48  4:50  Supply Depot  
  48  4:51  Cyclone, SCV  
  53  5:00  SCV  
  53  5:02  Orbital Command  
  53  5:03  SCV  
  53  5:04  Hellion  
  53  5:05  Hellion  
  59  5:08  Factory  
  59  5:11  Supply Depot  
  59  5:13  SCV  
  60  5:15  SCV  
  61  5:23  Cyclone  
  61  5:25  Cyclone, SCV  
  61  5:28  Orbital Command  
  68  5:31  Hellion  
  68  5:32  Hellion  
  68  5:33  Infernal Pre-Igniter  
  72  5:36  SCV  
  72  5:38  SCV  
  74  5:48  SCV  
  75  5:50  SCV  
  75  5:55  Cyclone, Factory Tech Lab  
  75  5:56  SCV  
  80  5:57  Cyclone  
  80  6:00  SCV  
  80  6:01  Hellion  
  80  6:02  Hellion  
  85  6:06  SCV  
  85  6:08  SCV  
  85  6:13  SCV  
  85  6:15  Factory  
  83  6:20  Supply Depot, SCV x2  
  83  6:22  Cyclone, Supply Depot  
  83  6:23  Refinery  
  85  6:26  SCV  
  85  6:27  Cyclone, Hellion x2  
  93  6:38  SCV x3  
  93  6:41  Cyclone  
  93  6:44  Armory  
  96  6:50  SCV x3  
  99  6:55  Cyclone  
  99  6:59  Cyclone  
  103  7:02  SCV x2  
  103  7:03  SCV, Factory Tech Lab  
  97  7:12  Engineering Bay  
  97  7:14  Cyclone, SCV  
  97  7:15  SCV x2, Armory  
  103  7:18  Hellion x2  
  103  7:20  Supply Depot  
  107  7:23  Refinery  
  107  7:26  SCV  
  107  7:29  SCV  
  109  7:37  Command Center  
  109  7:40  Siege Tank x2  
  111  7:44  Missile Turret  
  111  7:47  Missile Turret  
  111  7:49  Supply Depot  
  111  7:53  Terran Vehicle Weapons Level 1  
  111  7:54  Siege Tank  
  114  7:58  Siege Tank  
  114  8:02  SCV x3  
  114  8:03  Terran Vehicle And Ship Armor Level 1  
  120  8:13  Siege Tank  
  120  8:14  Hellion  
  122  8:21  Sensor Tower, SCV x3  
  122  8:23  Factory  
  125  8:29  Supply Depot, Command Center  
  125  8:30  Hellion  
  125  8:32  Hellion  
  127  8:36  Supply Depot  
  127  8:37  Siege Tank x2  
  133  8:48  SCV x3  
  136  8:58  Siege Tank  
  136  9:00  Command Center, Factory, SCV  
  136  9:01  Hellion x2, Factory  
  136  9:02  SCV  
  145  9:12  Siege Tank  
  145  9:13  Siege Tank  
  145  9:15  Hellion  
  145  9:16  Planetary Fortress  
  153  9:18  Refinery  
  153  9:21  Refinery  
  153  9:24  Supply Depot  
  153  9:27  Factory Reactor, Sensor Tower  
  153  9:28  Hellion x2  
  157  9:33  Siege Tank  
  157  9:36  Hellbat  
  162  9:38  Command Center  
  162  9:40  Supply Depot  
  160  9:48  Terran Vehicle Weapons Level 2  
  160  9:51  Factory Tech Lab x2  
  160  9:52  Command Center  
  160  9:57  Siege Tank x2  
  160  9:58  Hellbat x2  
  170  10:04  Cyclone  
  173  10:16  Cyclone x2  
  173  10:17  Hellbat x2  
  173  10:21  Orbital Command  
  183  10:25  Hellbat x2  
  187  10:33  Terran Vehicle And Ship Armor Level 2  
  187  10:37  Cyclone x2  
  187  10:38  Cyclone  
  187  10:39  Cyclone  
  197  10:53  Cyclone  
  194  10:57  Cyclone  
  183  11:06  Hellbat x2  
  183  11:09  Cyclone  
  183  11:10  Cyclone x2, Hellbat x2  
  183  11:11  Cyclone  
  194  11:12  SCV x3  
  165  11:25  Cyclone, SCV x3  
  150  11:28  Hellbat x2  
  150  11:29  Cyclone  
  150  11:31  SCV x2  
  140  11:41  Cyclone  
  140  11:42  Cyclone  
  140  11:43  Hellbat  
  140  11:44  SCV x2  
  140  11:45  SCV  
  136  11:50  Cyclone  
  136  11:54  Orbital Command  
  136  11:56  SCV  
  136  11:59  Cyclone  
  139  12:02  Hellbat  
  139  12:04  Hellbat  
  142  12:09  SCV  
  142  12:10  SCV  
  142  12:12  Planetary Fortress  
  142  12:13  SCV x2  
  146  12:17  Orbital Command  
  146  12:21  SCV  
  146  12:24  Cyclone x2  
  146  12:25  SCV  
  146  12:27  SCV  
  146  12:29  SCV x2  
  156  12:33  SCV  
  157  12:41  Cyclone x2  
  157  12:42  Hellbat x2  
  167  12:48  Cyclone x2  
  167  12:49  Hellbat  
  162  12:52  SCV x3  
  160  13:01  Cyclone  
  160  13:02  SCV x2  
  165  13:09  Cyclone  
  165  13:10  Hellbat x4  
  167  13:13  Cyclone  
  167  13:14  SCV x2  
  172  13:24  Refinery x2  
  172  13:25  Cyclone x2  
  171  13:28  Hellbat  
  171  13:31  Hellbat  
  173  13:38  Hellbat x3  
  173  13:39  Cyclone  
  175  13:42  Cyclone  
  175  13:46  Refinery  
  178  13:50  Command Center  
  178  13:52  Cyclone x2  
  172  13:57  Cyclone, Hellbat x2  
  172  14:02  Refinery, SCV x3  
  170  14:03  Refinery  
  170  14:06  Hellbat  
  172  14:11  Cyclone  
  172  14:13  Hellbat  
  172  14:14  Siege Tank  
  174  14:19  SCV  
  174  14:20  SCV x2  
  174  14:22  Siege Tank  
  174  14:23  Hellbat  
  182  14:24  Siege Tank  
  182  14:30  Siege Tank  
  188  14:35  Hellbat x3, Siege Tank  
  184  14:46  Siege Tank  
  184  14:48  Terran Vehicle Weapons Level 3  
  184  14:50  Siege Tank  
  184  14:51  Hellbat  
  182  14:55  Siege Tank  
  182  14:56  Hellbat  
  184  15:05  Hellbat x3  
  187  15:12  Hellbat x2  
  187  15:13  Siege Tank  
  169  15:15  Terran Vehicle And Ship Armor Level 3  
  169  15:16  SCV  
  169  15:18  Siege Tank  
  169  15:20  Cyclone  
  169  15:23  Hellbat  
  169  15:28  Cyclone  
  174  15:33  Cyclone  
  174  15:34  Hellbat  
  158  15:44  Cyclone, Hellbat  
  158  15:45  Cyclone  
  158  15:48  Hellbat  
  166  15:50  Cyclone  
  166  15:52  Cyclone  
  166  15:53  Orbital Command  
  163  16:00  Cyclone  
  154  16:05  Cyclone, Hellbat  
  147  16:16  Cyclone  
  147  16:17  Cyclone  
  151  16:22  Cyclone  
  151  16:24  Cyclone, Hellbat  
  145  16:25  SCV x2  
  145  16:32  Cyclone  
  139  16:37  Cyclone  
  134  16:41  Hellion x2, Hellbat  
  121  16:48  Cyclone  
  121  16:49  Cyclone, Hellbat  
  121  16:52  SCV  
  121  16:53  SCV x2  
  132  16:54  Cyclone  
  132  16:55  Hellion  
  132  16:56  Cyclone  
  140  17:04  Cyclone  
  143  17:10  Cyclone  
  143  17:14  Orbital Command, Hellbat  
  148  17:20  Cyclone, SCV  
  148  17:21  Siege Tank  
  155  17:26  Orbital Command, Siege Tank  
  155  17:28  Siege Tank  
  161  17:36  Siege Tank  
  164  17:38  Hellion  
  164  17:42  Siege Tank  
  169  17:52  Siege Tank  
  169  17:53  Siege Tank  
  169  17:54  Hellbat  
  180  17:58  Siege Tank  
  180  18:01  Siege Tank  
  185  18:05  Hellion  
  185  18:07  Hellbat  
  185  18:08  Siege Tank  
  185  18:11  Sensor Tower  
  190  18:14  Refinery x2, Siege Tank  
  193  18:24  Siege Tank  
  193  18:25  Siege Tank  
  199  18:31  Command Center  
  199  18:32  Command Center  
  199  18:47  Barracks x2  
  197  18:48  Barracks  
  197  18:49  Barracks  
  197  18:55  Cyclone x3  
  155  18:56  Cyclone, Hellbat x2, Siege Tank, Hellion  
  155  18:57  Cyclone  
  155  19:00  Hellion  
  170  19:13  Terran Infantry Armor Level 1, Barracks  
  170  19:18  Hellion x2, Hellbat  
  170  19:21  Hellion  
  143  19:27  Cyclone x2  
  143  19:28  Cyclone x2  
  143  19:29  Cyclone x2  
  153  19:37  Hellion x8, Starport  
  140  19:39  Hellbat  
  140  19:41  Ghost Academy, Barracks Tech Lab x4  
  140  19:44  Hellbat  
  128  19:50  Hellbat  
  130  19:59  Cyclone  
  136  20:00  Cyclone x2, Siege Tank  
  136  20:01  Smart Servos, Siege Tank x2  
  136  20:03  Barracks Tech Lab  
  148  20:08  Orbital Command  
  148  20:12  Ghost x3  
  148  20:13  Ghost  
  148  20:14  Personal Cloaking  
  160  20:16  Medivac  
  162  20:25  Ghost  
  162  20:27  Sensor Tower  
  165  20:31  Siege Tank  
  165  20:32  Siege Tank  
  171  20:39  Missile Turret  
  171  20:40  Ghost  
  174  20:46  Medivac  
  176  20:53  Ghost  
  176  20:54  Ghost  
  172  20:59  Siege Tank x2  
  172  21:00  Hellbat x4  
  167  21:08  Siege Tank x2  
  167  21:09  Hellbat  
  157  21:15  Medivac  
  159  21:18  Hellbat  
  159  21:20  Orbital Command  
  159  21:43  Hellbat, Siege Tank x2  
  159  21:45  Medivac  
  169  21:47  Hellbat  
  159  21:57  Ghost  
  159  22:00  SCV  
  160  22:05  Hellbat x2  
  164  22:13  Terran Infantry Armor Level 2  
  164  22:15  Medivac  
  164  22:18  Siege Tank  
  164  22:19  Hellbat x2  
  173  22:26  Hellbat x2  
  173  22:28  Hellbat x2  
  175  22:37  Siege Tank  
  175  22:38  Hellbat x2  
  175  22:39  SCV x3  
  175  22:40  SCV  
  175  22:41  Refinery  
  186  22:45  Missile Turret  
  186  22:47  Sensor Tower  
  186  22:52  Siege Tank  
  186  22:56  Refinery, Hellbat  
  191  23:05  Hellbat x4  
  199  23:12  Command Center  
  199  23:14  Medivac  
  193  23:26  Orbital Command  
  193  23:35  Thor  
  184  23:57  Thor  
  184  23:58  Hellbat x4  
  184  23:59  SCV x2  
  193  24:18  Hellbat x2  
  194  24:28  Hellbat x3  
  194  24:30  Orbital Command  
  191  24:34  Viking  
  191  24:40  Thor  
  197  24:50  SCV x3  
  200  24:58  Orbital Command  
  200  25:51  Refinery, Command Center  
  200  25:52  Refinery  
  188  26:08  Thor x2  
  200  26:51  Command Center  
  193  27:15  Thor x3  
  174  27:16  Hellbat  
  153  27:23  Hellbat x3  
  153  27:25  Thor, Cyclone  
  153  27:26  Cyclone  
  153  27:28  SCV x3  
  148  27:37  Hellbat  
  127  27:44  Hellbat x3  
  129  27:58  Cyclone x2, Hellbat x4  
  123  28:05  Hellbat x2  
  123  28:06  Hellbat, SCV  
  123  28:08  Cyclone  
  103  28:19  Cyclone, Hellbat  
  112  28:20  Hellbat x2  
  116  28:27  Hellbat x2  
  116  28:30  Cyclone  
  116  28:32  Hellbat x2  
  123  28:41  Hellbat x2  
  127  28:50  Hellbat x2  
  104  28:58  Hellbat  
Tags
 
Composition
Mech
Matchup
TvZ
Opening
Pool First
Replay Pack
2025_02-EWC-2025
Spawn Locations
Cross Positions
Add a new tag
Caveats
  • Supply blocks, unpowered buildings, or Contaminate may cause inaccurate times.
  • Supply counts are checked every 10 seconds.